AoeStats
← Jar3p0

Arabia

507610914Analyzed
1v1 RM · 14d ago on Sep 19, 2026· 37m 16s· 2 players
Game mode
Random Map
Map size
Tiny (2 player)
Population
200
Speed
Normal
Resources
Standard
Victory
Conquest
Starting age
Dark Age
Ending age
Imperial Age
RankedLock teamsTeams togetherTeam positionsShared explorationLock speedFull tech treeHidden civsTurbo modeCheats
Victory
Defeat
🇲🇽 Poles · Mexico
1199
+17
🇺🇸 Italians · United States
1215
-17
EDGAR_MAGNO_29
5:46 Loom
10:13 Feudal Age
15:27 Castle Age
13:23 Horse Collar
15:23 Double-Bit Axe
16:44 Bow Saw
23:11 Fervor
23:42 Sanctity
29:26 Imperial Age
28:12 Heavy Plow
30:15 Scale Barding Armor
31:02 Wheelbarrow
30:13 Town Watch
31:01 Crop Rotation
30:14 Light Cavalry
31:40 Winged Hussar
32:42 Chain Barding Armor
32:31 Stone Mining
32:33 Gold Mining
33:21 Husbandry
33:36 Bloodlines
37:01 Ballistics
36:32 Fletching
36:54 Forging
Jar3p0
7:04 Loom
9:34 Feudal Age
10:57 Double-Bit Axe
15:47 Fletching
20:00 Castle Age
20:43 Bodkin Arrow
20:09 Crossbowman
24:53 Scale Barding Armor
25:38 Bloodlines
28:08 Thumb Ring
29:32 Ballistics
29:46 Bow Saw
29:19 Horse Collar
35:03 Imperial Age
35:09 Imperial Age
33:12 Husbandry
32:32 Light Cavalry
35:57 Imperial Age
34:16 Chain Barding Armor
34:06 Forging
36:08 Hussar
Connection lost

Rejoining the realm…

Still unreachable

The connection could not be restored.

Session expired

The server has moved on; the page needs a fresh start.